 Dungeon Crawl Stone Soup version 0.22-a0-570-g58866f5 (webtiles) character file.

460981 iamserjio the Slayer (level 24, -25/175 HPs)
             Began as a Gargoyle Fighter on June 29, 2018.
             Was an Elder of Trog.
             Blown up by an eye of devastation (42 damage)
             ... with a bolt of energy
             ... on level 5 of the Pits of Slime on June 30, 2018.
             The game lasted 04:39:58 (21108 turns).

iamserjio the Slayer (Gargoyle Fighter)            Turns: 21108, Time: 04:39:59

Health: -25/175    AC: 43    Str: 43    XL:     24   Next: 16%
Magic:  8/8        EV: 24    Int:  8    God:    Trog [****..]
Gold:   1421       SH: 18    Dex: 21    Spells: 25/25 levels left

rFire    + + .     SeeInvis +   f - +9 broad axe (antimagic)
rCold    + + +     Gourm    .   g - +0 shield {reflect}
rNeg     + . .     Faith    .   F - +8 chain mail of Protective Custody {*Contam Str+6 Dex+3}
rPois    ∞         Spirit   .   m - +1 helmet
rElec    +         Reflect  +   Q - +2 cloak {MR+}
rCorr    +         Harm     .   V - +2 pair of gloves {Dex+3}
MR       ++...     Rnd*Tele +   B - +1 pair of boots
Stlth    ..........             y - amulet of regeneration
HPRegen  0.79/turn              j - ring "Nune" {rElec rF+ rC+ Str+2 Int-2}
MPRegen  0.11/turn              k - ring of protection from cold

@: mighty, agile, resistant, corroded, very slightly contaminated, hasted, very
quick
A: big wings, see invisible, mutation resistance 1, negative energy resistance
1, electricity resistance, teleportitis 3, unbreathing, petrification
resistance, rot immunity, AC +18
}: 3/15 runes: barnacled, silver, gossamer
a: Fly, Berserk, Trog's Hand, Brothers in Arms, Renounce Religion


You were on level 5 of the Pits of Slime.
You worshipped Trog.
Trog was greatly pleased with you.
You were not hungry.

You visited 8 branches of the dungeon, and saw 44 of its levels.
You also visited: Labyrinth and Ice Cave.

You collected 3702 gold pieces.
You spent 2281 gold pieces at shops.

Inventory:

Hand Weapons
 c - a +7 blowgun
 f - a +9 antimagic broad axe (weapon)
 M - the +5 demon whip "Spellbinder" {antimagic, MR+}
   (You took it off a deep elf annihilator on level 3 of the Elven Halls)

   It reduces the magical energy of the wielder, and disrupts the spells and
   magical abilities of those hit.
   Natural abilities and divine invocations are not affected.
   It affects your resistance to hostile enchantments.
 O - a +2 eveningstar of protection
Missiles
 p - 4 throwing nets (quivered) {!f}
 N - 2 needles of sleeping {!f}
 X - 19 javelins of penetration
Armour
 g - a +0 shield of reflection (worn)
 m - a +1 helmet (worn)
 B - a +1 pair of boots (worn)
 F - the +8 chain mail of Protective Custody (worn) {*Contam Str+6 Dex+3}
   (You found it on level 4 of the Shoals)

   It affects your strength (+6).
   It affects your dexterity (+3).
   It causes magical contamination when unequipped.
 Q - a +2 cloak of magic resistance (worn)
 V - a +2 pair of gloves of dexterity (worn)
Jewellery
 j - the ring "Nune" (left hand) {rElec rF+ rC+ Str+2 Int-2}
   (You took it off a deep elf death mage on level 3 of the Elven Halls)

   [ring of strength]

   It affects your strength (+2).
   It affects your intelligence (-2).
   It protects you from fire.
   It protects you from cold.
   It insulates you from electricity.
 k - a ring of protection from cold (right hand)
 n - the ring "Orhoos" {rElec rF+ rC- rN+ Str+3}
   (You found it on level 6 of the Lair of Beasts)

   [ring of protection from fire]

   It affects your strength (+3).
   It protects you from fire.
   It makes you vulnerable to cold.
   It insulates you from electricity.
   It protects you from negative energy.
 u - the amulet "Wesamp" {Spirit rElec rC- Slay+5}
   (You found it on level 6 of the Lair of Beasts)

   [amulet of guardian spirit]

   It causes incoming damage to be split between your health and magic.
   It affects your accuracy and damage with ranged weapons and melee attacks
   (+5).
   It makes you vulnerable to cold.
   It insulates you from electricity.
 y - an amulet of regeneration (around neck)
 C - the ring "Yhipuf" {+Inv rPois rN+ Dex+4 Stlth+}
   (You found it on level 5 of the Vaults)

   [ring of poison resistance]

   It affects your dexterity (+4).
   It protects you from poison.
   It protects you from negative energy.
   It lets you turn invisible.
   It makes you more stealthy.
 T - the ring "Kias" {rPois MR+ MP+9 Str+3 SInv}
   (You found it on level 5 of the Vaults)

   [ring of magical power]

   It affects your strength (+3).
   It protects you from poison.
   It affects your resistance to hostile enchantments.
   It affects your magic capacity (+9).
   It lets you see invisible.
Wands
 o - a wand of paralysis (30)
 s - a wand of disintegration (20)
 t - a wand of iceblast (17)
 z - a wand of clouds (4)
 E - a wand of digging (17)
 J - a wand of acid (8)
Scrolls
 d - 4 scrolls of enchant armour
 h - 4 scrolls of fear
 i - 5 scrolls of remove curse {@r2}
 l - a scroll of magic mapping
 v - a scroll of enchant weapon
 D - 4 scrolls of blinking
 K - 4 scrolls of teleportation
 P - a scroll of brand weapon
 S - 2 scrolls of immolation
 Y - 3 scrolls of holy word
Potions
 a - 3 potions of brilliance
 e - a potion of berserk rage
 w - 4 potions of cancellation
 x - 2 potions of might
 A - a potion of magic
 G - 3 potions of haste
 I - 7 potions of curing {@q1}
 L - a potion of agility
 W - a potion of heal wounds
 Z - 2 potions of ambrosia
Miscellaneous
 R - 5 boxes of beasts
 U - a phial of floods
Comestibles
 b - 42 rations


   Skills:
 * Level 24.6 Fighting
 - Level 17.5(18.0) Axes
 - Level 7.9(14.6) Maces & Flails
 + Level 2.3 Throwing
 * Level 19.9 Armour
 + Level 10.6 Dodging
 + Level 17.4 Shields
 - Level 1.3 Spellcasting


You had 25 spell levels left.
You didn't know any spells.
Your spell library contained the following spells:

 Spells                   Type           Power        Failure   Level  Hunger
 Apportation              Tloc           #.....       58%         1    ##.....
 Lightning Bolt           Conj/Air       #.........   100%        5    ######.
 Bolt of Magma            Conj/Fire/Erth #.........   100%        5    ######.
 Summon Small Mammal      Summ           #...         58%         1    ##.....
 Bolt of Draining         Conj/Necr      #.........   100%        5    ######.
 Animate Skeleton         Necr           N/A          58%         1    ##.....
 Sticky Flame             Conj/Fire      #.......     100%        4    #####..
 Ozocubu's Armour         Chrm/Ice       #.......     92%         3    ####...
 Dispel Undead            Necr           #.......     100%        5    ######.
 Regeneration             Chrm/Necr      #.........   92%         3    ####...
 Sublimation of Blood     Necr           #.........   75%         2    ###....
 Corpse Rot               Necr           N/A          75%         2    ###....
 Shock                    Conj/Air       #...         58%         1    ##.....
 Swiftness                Chrm/Air       #.......     75%         2    ###....
 Agony                    Necr           #.......     100%        5    ######.
 Spider Form              Tmut/Pois      #.........   92%         3    ####...
 Blade Hands              Tmut           #.........   100%        5    ######.
 Statue Form              Tmut/Erth      #........    100%        6    #######
 Ice Form                 Ice/Tmut       #.......     100%        4    #####..
 Throw Icicle             Conj/Ice       #.......     100%        4    #####..
 Airstrike                Air            #.........   100%        4    #####..
 Confusing Touch          Hex            #.....       58%         1    ##.....
 Passwall                 Tmut/Erth      #.......     75%         2    ###....
 Sticks to Snakes         Tmut           #.......     75%         2    ###....
 Ensorcelled Hibernation  Hex/Ice        #.....       75%         2    ###....
 Shatter                  Erth           #.........   100%        9    #######
 Static Discharge         Conj/Air       #.......     92%         3    ####...
 Sandblast                Erth           #.....       58%         1    ##.....
 Conjure Ball Lightning   Conj/Air       #.........   100%        6    #######
 Excruciating Wounds      Chrm/Necr      #.........   100%        5    ######.
 Malign Gateway           Summ/Tloc      #.........   100%        7    #######
 Tornado                  Air            #.........   100%        9    #######
 Shroud of Golubria       Chrm/Tloc      #.........   75%         2    ###....
 Beastly Appendage        Tmut           #.....       58%         1    ##.....
 Infusion                 Chrm           #...         58%         1    ##.....
 Song of Slaying          Chrm           #.......     75%         2    ###....
 Spectral Weapon          Hex/Chrm       #.......     92%         3    ####...
 Lesser Beckoning         Tloc           #.........   92%         3    ####...
 Ignition                 Fire           #.........   100%        8    #######
 Borgnjor's Vile Clutch   Necr/Erth      #.........   100%        5    ######.


Dungeon Overview and Level Annotations

Branches:
Dungeon (15/15)              Lair (6/6) D:8          Shoals (4/4) Lair:3
 Spider (4/4) Lair:2        Slime (5/5) Lair:6          Orc (2/2) D:9
    Elf (3/3) Orc:2        Vaults (5/5) D:13          Crypt (0/3) Vaults:3
 Temple: D:4-7       Depths: D:15

Altars:
Hepliaklqana
Nemelex Xobeh
Okawaru
Qazlal
Sif Muna
Trog
Vehumet
Zin
Jiyva

Shops:
D:5 [   D:10 }*   D:11 (   Orc:2 (%:?   Vaults:5 !

Portals:
Pandemonium: Orc:2

Annotations:
D:11 1 exclusion
Spider:3 1 exclusion
Slime:2 exclusion: upstairs
Elf:2 3 runed doors
Abyss:1 Bai Suzhen


Innate Abilities, Weirdness & Mutations

You are resistant to torment.
Your stone body is resilient. (AC +18)
You are immune to poison.
Your large and strong wings let you fly indefinitely.
You resist negative energy. (rN+)
You are resistant to electric shocks. (rElec)
You can survive without breathing.
You are immune to petrification.
You are immune to rotting.
You have supernaturally acute eyesight. (SInv)
You are somewhat resistant to further mutation.
You are often teleported next to monsters.


Message History

A slime creature comes into view.
The acid blob is engulfed in blazing flames.
The slime creature is engulfed in blazing flames.
The slime creature hits you!
* * * LOW HITPOINT WARNING * * *
The azure jelly is engulfed in blazing flames.
Unknown command.
Okay, then.
Unknown command.
Unknown command.
Blink to where?
Press: ? - help, Dir - move target cursor
As you read the scroll of blinking, it crumbles to dust.
A slime creature comes into view.
The slime creature quivers.
The golden eye blinks at you. You resist with almost no effort.
The eye of devastation gazes at you. The bolt of energy hits you!
You die...

.#........#...#....J§J§..........
..G#.._.#...# ..G..JJ§JG.......
#####..###### #..............
$?#:##.#=#%)###......G§......
?}(##JJ##)|):##........G§....
)[:?#J##[)φ:[##..............
#J.# ##............... ##J#
##.J....G......... #J.#
#J...@............
.####J#####.............
....JJ..................
........................
..J.....................
........................
........................
......................##
............^........


You could see an acid blob, 4 slime creatures, an eye of devastation, an eye of
draining and 3 golden eyes.

Vanquished Creatures
  the Royal Jelly (Slime:5)
  An ancient lich (Vaults:4)
  Mara (Spider:3)
  Saint Roka (Elf:3)
  Margery (Vaults:4)
  Nikola (Elf:1)
  A golden dragon (Vaults:5)
  Arachne (Spider:3)
  Jorgrun (Spider:3)
  2 tentacled monstrosities (Vaults:5)
  An Ice Fiend (IceCv)
  2 deep elf blademasters (Elf:2)
  4 krakens (Shoals:4)
  4 titans (Vaults:5)
  15 acid blobs
  3 sphinxes
  The ghost of Ofodoalo the Fencer, an adept DsWn of Okawaru (Spider:3)
  The ghost of Asamotow the Fencer, an adept DsWn of Okawaru (Spider:3)
  The ghost of Cofinigg the Fencer, an adept DsWn of Okawaru (Spider:3)
  Frances (Spider:1)
  Kirke (D:14)
  2 shadow dragons
  4 tengu reavers (Vaults:5)
  Roxanne (Elf:3)
  A storm dragon (Vaults:5)
  Ilsuiw (Shoals:3)
  Donald (Elf:3)
  5 fire giants (Vaults:5)
  11 azure jellies
  An orc warlord (Orc:2)
  2 iron dragons (Vaults:5)
  6 deep elf sorcerers
  4 emperor scorpions (Spider:4)
  10 vault wardens
  A frost giant (Vaults:5)
  A ghost moth (Spider:4)
  8 deep elf elementalists
  A large abomination (Vaults:5)
  A war gargoyle (Vaults:5)
  3 entropy weavers
  11 ironheart preservers
  10 stone giants
  5 deep elf demonologists
  A minotaur (Lab)
  9 deep elf annihilators
  Snorg (Orc:2)
  2 spark wasps (Spider:4)
  5 ettins
  A fire dragon (Vaults:5)
  7 death oozes (Slime:5)
  11 merfolk javelineers
  7 merfolk impalers (Shoals:4)
  11 yaktaur captains
  5 great orbs of eyes
  6 deep elf death magi
  4 deep elf high priests (Vaults:5)
  39 vault guards
  4 hydras
  7 merfolk avatars
  3 catoblepae (Lair:6)
  3 ice dragons
  2 centaur warriors
  3 death knights
  9 dancing weapons
  12 death yaks (Lair:6)
  20 two-headed ogres
  3 satyrs
  6 merfolk aquamancers
  7 ogre magi
  8 death scarabs (Spider:4)
  A small abomination (Elf:2)
  4 orc high priests
  Nergalle (Lair:2)
  20 deep elf knights
  15 hell knights
  2 spectral emperor scorpions (Spider:4)
  An unseen horror (D:10)
  11 skeletal warriors
  A torturous demonspawn (Orc:2)
  9 deep trolls
  A deep troll (shapeshifter) (Vaults:2)
  A glowing orange brain (Slime:3)
  10 sea snakes
  An unseen horror (shapeshifter) (Vaults:2)
  A flayed ghost (Vaults:3)
  2 wizards
  4 phantasmal warriors
  12 ironbrand convokers
  6 orc knights
  4 spectral wolf spiders (Spider:4)
  4 necromancers (Vaults:4)
  19 deep elf archers
  24 ugly things
  Pikel (D:4)
  11 orb spiders
  A mana viper (shapeshifter) (Vaults:5)
  62 deep elf magi
  6 orc sorcerers
  An oklob plant (D:14)
  27 harpies
  12 fauns
  A stone giant zombie (Vaults:4)
  20 manticores
  11 wolf spiders
  7 shining eyes
  A black mamba (Lair:4)
  2 moths of wrath (Spider:4)
  11 cyclopes
  3 elephants (Lair:5)
  3 eyes of devastation
  8 water nymphs
  11 vault sentinels
  An ice statue (IceCv)
  4 merfolk sirens
  Joseph (D:7)
  3 centaur zombies
  4 spiny frogs
  A rust devil (Orc:2)
  Psyche (D:8)
  25 yaktaurs
  2 spectral redbacks (Spider:4)
  6 komodo dragons
  A gargoyle (D:10)
  A komodo dragon (shapeshifter) (Vaults:2)
  4 anaconda simulacra (IceCv)
  3 redback zombies (Spider:4)
  9 demonic crawlers
  A yaktaur skeleton (Vaults:4)
  11 freezing wraiths
  A hellwing (Orc:2)
  4 ice devils (IceCv)
  25 jumping spiders
  A jumping spider (shapeshifter) (Vaults:1)
  26 merfolk
  8 trolls
  Prince Ribbit (D:7)
  2 meliai (shapeshifter)
  8 hornets
  A harpy zombie (D:14)
  3 spectral tarantellas (Spider:4)
  6 wind drakes
  79 slime creatures
  4 spectral jumping spiders (Spider:4)
  A jumping spider zombie (Spider:4)
  10 hippogriffs
  A slime creature (shapeshifter) (Vaults:5)
  19 dream sheep
  A hippogriff (shapeshifter) (Vaults:5)
  5 blink frogs (Lair:6)
  A frost giant simulacrum (Vaults:1)
  10 snapping turtles
  15 tarantellas
  2 dire elephant simulacra (IceCv)
  A wyvern (D:14)
  29 redbacks
  A shadow (D:11)
  10 water elementals
  A wraith (D:14)
  6 basilisks
  52 yaks
  3 fire elementals
  3 hogs (D:14)
  Menkaure (D:7)
  9 golden eyes
  7 hungry ghosts
  A human simulacrum (Vaults:3)
  8 vampire mosquitoes
  A soldier ant (D:14)
  A harpy simulacrum (IceCv)
  5 wargs
  A naga (shapeshifter) (D:9)
  2 acid dragons
  6 hydra simulacra (IceCv)
  9 water moccasins
  A floating eye (Slime:4)
  5 porcupines
  3 ice beasts
  2 slaves (D:4)
  3 sky beasts
  An alligator simulacrum (IceCv)
  2 ettin simulacra (IceCv)
  3 phantoms
  2 black bears
  36 orc warriors
  19 ogres
  A human skeleton (Vaults:4)
  3 eyes of draining
  18 wolves
  11 centaurs
  A crocodile (shapeshifter) (Vaults:3)
  3 crocodiles
  4 big kobolds
  13 bullfrogs
  2 earth elementals
  A glowing shapeshifter simulacrum (Vaults:2)
  A wyvern skeleton (D:11)
  9 scorpions
  6 killer bees (D:12)
  A swamp dragon simulacrum (IceCv)
  An elephant simulacrum (IceCv)
  7 electric eels
  13 wights
  4 howler monkeys
  6 crimson imps
  A bullfrog zombie (D:5)
  4 centaur skeletons
  3 draconian simulacra (IceCv)
  3 jellies
  27 orc priests
  A bullfrog skeleton (D:9)
  10 hounds
  7 iguanas
  13 orc wizards
  7 worker ants
  2 wolf simulacra (IceCv)
  3 troll simulacra (IceCv)
  A polar bear simulacrum (IceCv)
  2 centaur simulacra (IceCv)
  A hound skeleton (D:6)
  A worker ant zombie (D:9)
  3 gnolls (D:7)
  2 howler monkey skeletons
  9 adders
  4 naga simulacra (IceCv)
  4 shadow imps
  5 white imps (IceCv)
  5 ufetubi (IceCv)
  An ooze (D:3)
  An adder zombie (D:5)
  An adder skeleton (D:4)
  3 worms
  A dart slug (D:4)
  3 leopard geckos
  106 orcs
  A ball python (D:1)
  2 bats
  3 giant cockroaches
  3 hobgoblins
  14 jackals
  3 quokkas
  5 frilled lizards
  A jackal skeleton (D:4)
  7 kobolds
  A quokka skeleton (D:6)
  A quokka zombie (D:6)
  7 rats
  A bush (Lair:6)
  2 fungi (Elf:3)
  10 plants
  8 tentacles (Shoals:4)
1638 creatures vanquished.

Vanquished Creatures (collateral kills)
  2 acid blobs (Slime:4)
  The ghost of Ofodoalo the Fencer, an adept DsWn of Okawaru (Spider:3)
  2 great orbs of eyes (Slime:4)
  3 orc high priests (Orc:2)
  3 orc knights (Orc:2)
  A deep elf archer (Elf:3)
  An orb spider (Spider:3)
  A deep elf mage (Elf:3)
  A shining eye (Slime:4)
  An orc sorcerer (Orc:2)
  2 eyes of devastation (Slime:4)
  A red devil (Orc:2)
  A tarantella (Spider:4)
  2 golden eyes (Slime:4)
  6 orc warriors (Orc:2)
  2 eyes of draining (Slime:4)
  3 orc priests (Orc:2)
33 creatures vanquished.

Vanquished Creatures (others)
  2 deep elf master archers
  A stone giant (Vaults:4)
  2 deep elf demonologists (Elf:3)
  A yaktaur captain (Vaults:1)
  3 satyrs
  2 deep elf knights (Elf:3)
  A deep elf archer (Elf:2)
  A wizard (Vaults:1)
  A harpy (Shoals:1)
  A cyclops (Vaults:1)
  2 fauns (Shoals:2)
  4 yaktaurs
  A merfolk (Shoals:4)
  A redback (Spider:1)
  A boggart (Vaults:3)
  A centaur (Shoals:2)
  4 white imps (IceCv)
  4 ufetubi (IceCv)
  An orc (Elf:3)
  A crawling corpse (Elf:3)
  4 plants
  15 tentacles (Shoals:4)
  A withered plant (Spider:3)
55 creatures vanquished.

Grand Total: 1726 creatures vanquished

Notes
Turn   | Place    | Note
-------+----------+-------------------------------------------
     0 | D:1      | iamserjio the Gargoyle Fighter began the quest for the Orb.
     0 | D:1      | Reached XP level 1. HP: 14/14 MP: 1/1
   114 | D:1      | Reached XP level 2. HP: 5/19 MP: 2/2
   287 | D:2      | Reached XP level 3. HP: 7/23 MP: 3/3
   330 | D:2      | Found a bloodstained altar of Trog.
   330 | D:2      | Found an iron altar of Okawaru.
   338 | D:2      | Became a worshipper of Trog the Wrathful
   687 | D:3      | Reached XP level 4. HP: 21/28 MP: 4/4
   723 | D:3      | Reached * piety under Trog
   807 | D:4      | Noticed a phantom
   814 | D:4      | Reached XP level 5. HP: 26/33 MP: 5/5
   838 | D:4      | Got a jewelled short sword
   844 | D:4      | Killed a phantom
   844 | D:4      | Reached skill level 4 in Fighting
   893 | D:4      | Noticed a slave
   893 | D:4      | Noticed a slave
   893 | D:4      | Noticed Pikel
   894 | D:4      | Noticed a slave
   894 | D:4      | Noticed a slave
   906 | D:4      | Killed a slave
   906 | D:4      | Killed a slave
   907 | D:4      | Killed Pikel
   907 | D:4      | Reached XP level 6. HP: 22/39 MP: 6/6
   907 | D:4      | Reached XP level 7. HP: 25/44 MP: 7/7
   970 | D:4      | Reached skill level 5 in Fighting
   970 | D:4      | Reached skill level 5 in Armour
  1036 | D:5      | Entered Level 5 of the Dungeon
  1096 | D:5      | Reached XP level 8. HP: 28/49 MP: 8/8
  1098 | D:5      | Reached skill level 5 in Axes
  1171 | D:5      | Found Zunt's Armour Emporium.
  1179 | D:5      | Bought a +0 pair of boots for 54 gold pieces
  1393 | D:5      | Found a sparkling altar of Nemelex Xobeh.
  1518 | D:6      | Found a hazy altar of Hepliaklqana.
  1600 | D:6      | HP: 2/75 [electric eel/bolt of electricity (3)]
  1726 | D:6      | Reached ** piety under Trog
  1729 | D:6      | Reached XP level 9. HP: 28/55 MP: 9/9
  1796 | D:7      | Reached skill level 6 in Fighting
  1841 | D:7      | Got a pitted buckler
  1852 | D:7      | Identified the +3 buckler of Ulueniz {rPois} (You found it on level 7 of the Dungeon)
  1865 | D:7      | Noticed Prince Ribbit
  1902 | D:7      | Noticed Menkaure
  1913 | D:7      | Killed Menkaure
  2028 | D:7      | Noticed Joseph
  2045 | D:7      | Killed Joseph
  2194 | D:7      | Killed Prince Ribbit
  2375 | D:8      | Identified the +8 short sword of Instant Death {antimagic, rF++ Str-3 SInv} (You found it on level 4 of the Dungeon)
  2407 | D:8      | Noticed Psyche
  2423 | D:8      | Noticed a troll
  2433 | D:8      | Killed a troll
  2434 | D:8      | Reached XP level 10. HP: 49/61 MP: 10/10
  2442 | D:8      | Killed Psyche
  2442 | D:8      | Reached skill level 7 in Fighting
  2594 | D:8      | Noticed a two-headed ogre
  2602 | D:8      | Killed a two-headed ogre
  2602 | D:8      | Reached skill level 10 in Shields
  2675 | D:8      | Reached *** piety under Trog
  2691 | D:8      | Found a staircase to the Lair.
  2916 | D:9      | Reached skill level 8 in Fighting
  2916 | D:9      | Reached XP level 11. HP: 62/68 MP: 11/11
  3031 | D:9      | Noticed a three-headed hydra
  3042 | D:9      | Killed a three-headed hydra
  3113 | D:10     | Entered Level 10 of the Dungeon
  3126 | D:10     | Reached **** piety under Trog
  3167 | D:10     | Noticed a two-headed ogre
  3181 | D:10     | Killed a two-headed ogre
  3249 | D:10     | Noticed an unseen horror
  3258 | D:10     | Killed an unseen horror
  3282 | D:10     | Found Loacuine's Gadget Boutique.
  3366 | D:10     | Noticed a two-headed ogre
  3377 | D:10     | Killed a two-headed ogre
  3377 | D:10     | Reached skill level 10 in Axes
  3399 | D:10     | Found Luvas's General Store.
  3407 | D:10     | Bought a scroll of holy word for 97 gold pieces
  3407 | D:10     | Bought a scroll of magic mapping for 45 gold pieces
  3469 | D:11     | Noticed a two-headed ogre
  3476 | D:11     | Killed a two-headed ogre
  3476 | D:11     | Reached skill level 9 in Fighting
  3494 | D:12     | Found a stormy altar of Qazlal.
  3542 | D:12     | Found a labyrinth entrance.
  3547 | Lab      | Entered a labyrinth
  3607 | Lab      | Reached XP level 12. HP: 76/76 MP: 12/12
  4079 | Lab      | Noticed a minotaur
  4113 | Lab      | Killed a minotaur
  4299 | D:11     | Found Roriarong's Antique Weapon Shop.
  4310 | D:11     | Noticed a two-headed ogre
  4322 | D:11     | Killed a two-headed ogre
  4322 | D:11     | Reached skill level 1 in Maces & Flails
  4568 | D:9      | Found a staircase to the Orcish Mines.
  4611 | D:9      | Reached ***** piety under Trog
  4894 | Orc:1    | Entered Level 1 of the Orcish Mines
  4937 | Orc:2    | Entered Level 2 of the Orcish Mines
  5056 | Orc:2    | Received a gift from Trog
  5141 | Orc:1    | Noticed an orc warlord
  5180 | Orc:2    | Killed an orc warlord
  5217 | Orc:1    | Reached skill level 10 in Armour
  5309 | Orc:2    | Reached skill level 10 in Fighting
  5417 | Orc:2    | Found a staircase to the Elven Halls.
  5536 | Orc:2    | Found Tip Zeth's Food Shop.
  5542 | Orc:2    | Found Goufif's Magic Scroll Boutique.
  5577 | Orc:2    | Reached XP level 13. HP: 67/82 MP: 4/13
  5644 | Orc:2    | Bought a scroll of teleportation for 39 gold pieces
  5817 | Orc:2    | Found Uhulitu's Antique Weapon Emporium.
  5817 | Orc:2    | Found Quwn's Book Shoppe.
  5817 | Orc:2    | Found a one-way gate leading to the halls of Pandemonium.
  5863 | Orc:2    | Bought a scroll of enchant armour for 97 gold pieces
  5863 | Orc:2    | Bought a scroll of enchant weapon for 97 gold pieces
  5863 | Orc:2    | Bought a scroll of fog for 26 gold pieces
  5863 | Orc:2    | Bought a scroll of magic mapping for 45 gold pieces
  5863 | Orc:2    | Bought a scroll of enchant armour for 97 gold pieces
  5954 | Orc:2    | Noticed Snorg
  5967 | Orc:2    | Killed Snorg
  6063 | Orc:2    | Bought a ration for 50 gold pieces
  6063 | Orc:2    | Bought a ration for 50 gold pieces
  6063 | Orc:2    | Bought a ration for 50 gold pieces
  6063 | Orc:2    | Bought a ration for 50 gold pieces
  6063 | Orc:2    | Bought a ration for 50 gold pieces
  6063 | Orc:2    | Bought a ration for 50 gold pieces
  6063 | Orc:2    | Bought a ration for 50 gold pieces
  6063 | Orc:2    | Bought a ration for 50 gold pieces
  6088 | Elf:1    | Entered Level 1 of the Elven Halls
  6090 | Elf:1    | Noticed Nikola
  6136 | Elf:1    | Killed Nikola
  6136 | Elf:1    | Reached skill level 11 in Fighting
  6249 | Elf:1    | Noticed a deep elf demonologist
  6253 | Elf:1    | Noticed an Ice Fiend
  6254 | Elf:1    | Killed a deep elf demonologist
  6254 | Elf:1    | Gained mutation: Your large and strong wings let you fly indefinitely. [Gargoyle growth]
  6254 | Elf:1    | Reached XP level 14. HP: 52/90 MP: 4/14
  6418 | Elf:1    | Found a radiant altar of Vehumet.
  6581 | Elf:1    | Reached skill level 12 in Fighting
  6758 | Elf:3    | Entered Level 3 of the Elven Halls
  6777 | Elf:3    | Noticed a deep elf annihilator
  6797 | Elf:3    | Killed a deep elf annihilator
  6797 | Elf:3    | Reached skill level 5 in Maces & Flails
  6823 | Elf:3    | Noticed a deep elf sorcerer
  6833 | Elf:3    | Killed a deep elf sorcerer
  7019 | Elf:3    | Reached skill level 15 in Shields
  7232 | Elf:3    | Noticed Donald
  7249 | Elf:3    | Killed Donald
  7255 | Elf:3    | Reached skill level 13 in Fighting
  7315 | Elf:3    | Noticed Roxanne
  7338 | Elf:3    | Received a gift from Trog
  7368 | Elf:3    | HP: 3/94 [deep elf archer/arrow (5)]
  7450 | Elf:3    | Paralysed by fainting for 8 turns
  7466 | Elf:3    | Reached XP level 15. HP: 24/99 MP: 5/15
  7513 | Elf:3    | Noticed Saint Roka
  8118 | Elf:2    | Reached skill level 14 in Fighting
  8266 | Elf:2    | Found a runed gate.
  8275 | Elf:2    | Found a runed gate.
  8277 | Elf:2    | Found a runed gate.
  8459 | Elf:3    | Killed Saint Roka
  8551 | Elf:3    | Noticed a deep elf elementalist
  8559 | Elf:3    | Noticed a deep elf elementalist
  8560 | Elf:3    | Noticed a Tzitzimitl
  8723 | Elf:2    | Killed a deep elf elementalist
  8781 | Elf:3    | Killed a deep elf elementalist
  8830 | Elf:3    | Reached XP level 16. HP: 96/107 MP: 5/16
  8839 | Elf:3    | Noticed a deep elf blademaster
  8865 | Elf:3    | Noticed a deep elf master archer
  8866 | Elf:3    | Killed a deep elf blademaster
  8905 | Elf:2    | Killed a ghostly deep elf blademaster
  8986 | Elf:3    | Killed a deep elf master archer
  9070 | Elf:3    | Reached skill level 15 in Fighting
  9081 | Elf:3    | Noticed a deep elf blademaster
  9120 | Elf:2    | Killed a deep elf blademaster
  9162 | Elf:3    | Noticed a deep elf master archer
  9219 | Elf:2    | Killed a deep elf master archer
  9273 | Elf:3    | Noticed a Brimstone Fiend
  9511 | Elf:3    | Got a twitching lead ring
  9571 | Elf:3    | Got a bone short sword {speed}
  9654 | Elf:3    | Identified the Grimoire of Confrontation and the Voyage
  9720 | Elf:3    | Got an ancient bronze ring
  9779 | Elf:3    | Identified the Collected Works on Icy Feathers
  9785 | Elf:3    | Got a polished dagger
  9808 | Elf:3    | Identified the +5 dagger "Gizaust" {drain, rElec rN+ Str+5} (You found it on level 3 of the Elven Halls)
  9925 | Elf:3    | Killed Roxanne
  9926 | Elf:3    | Identified Roxanne's Grimoire of Clay (You took it off Roxanne on level 3 of the Elven Halls)
  9930 | Elf:3    | Identified the ring "Nune" {rElec rF+ rC+ Str+2 Int-2} (You took it off a deep elf death mage on level 3 of the Elven Halls)
  9936 | Elf:3    | Identified the ring "Kuagruh" {Fire Int+2} (You took it off a deep elf annihilator on level 3 of the Elven Halls)
 10078 | Lair:1   | Entered Level 1 of the Lair of Beasts
 10286 | Lair:3   | Found a staircase to the Shoals.
 10297 | Shoals:1 | Entered Level 1 of the Shoals
 10604 | Shoals:2 | Reached skill level 16 in Fighting
 10670 | Shoals:3 | Noticed Ilsuiw
 10674 | Shoals:3 | Reached XP level 17. HP: 115/115 MP: 5/17
 10720 | Shoals:3 | Killed Ilsuiw
 10727 | Shoals:3 | Upgraded the game from 0.22-a0-567-gff9aefc to 0.22-a0-570-g58866f5
 10938 | Shoals:4 | Entered Level 4 of the Shoals
 10938 | Shoals:4 | Noticed a kraken
 10938 | Shoals:4 | Noticed a kraken
 10938 | Shoals:4 | Noticed a kraken
 10938 | Shoals:4 | Noticed a kraken
 10964 | Shoals:4 | Found a frozen archway.
 11000 | IceCv    | Entered an ice cave
 11358 | IceCv    | Noticed an Ice Fiend
 11404 | IceCv    | Killed an Ice Fiend
 11422 | IceCv    | Found the +8 demon blade "Bloodbane" {slice, *Rage +Rage Stlth-}
 11513 | Shoals:4 | Reached skill level 1 in Dodging
 11727 | Shoals:4 | Killed a kraken
 11746 | Shoals:4 | Killed a kraken
 11788 | Shoals:4 | Reached skill level 15 in Axes
 11965 | Shoals:4 | Reached skill level 17 in Fighting
 12026 | Shoals:4 | Got a shimmering chain mail
 12037 | Shoals:4 | Identified the +8 chain mail of Protective Custody {*Contam Str+6 Dex+3} (You found it on level 4 of the Shoals)
 12101 | Shoals:4 | Reached XP level 18. HP: 123/123 MP: 6/18
 12166 | Shoals:4 | Got a barnacled rune of Zot
 12970 | Lair:2   | Noticed Nergalle
 12981 | Lair:2   | Killed Nergalle
 12986 | Lair:2   | Found a hole to the Spider Nest.
 13014 | Spider:1 | Entered Level 1 of the Spider Nest
 13111 | Spider:1 | Noticed Frances
 13125 | Spider:1 | Killed Frances
 13447 | Spider:3 | Found a runed gate.
 13447 | Spider:3 | Found a runed gate.
 13447 | Spider:3 | Found a runed gate.
 13447 | Spider:3 | Noticed Ofodoalo's ghost (adept DsWn)
 13447 | Spider:3 | Noticed Asamotow's ghost (adept DsWn)
 13448 | Spider:3 | Noticed Cofinigg's ghost (adept DsWn)
 13450 | Spider:3 | Noticed Ofodoalo's ghost (adept DsWn)
 13466 | Spider:3 | Reached skill level 18 in Fighting
 13539 | Spider:4 | Entered Level 4 of the Spider Nest
 13565 | Spider:3 | Noticed Bai Suzhen
 13576 | Spider:3 | Banished Bai Suzhen
 13576 | Spider:3 | Reached skill level 15 in Armour
 13769 | Spider:4 | Reached XP level 19. HP: 34/130 MP: 6/19
 13835 | Spider:4 | Received a gift from Trog
 13984 | Spider:4 | Reached skill level 5 in Dodging
 14123 | Spider:4 | Got a gossamer rune of Zot
 14252 | Spider:3 | Noticed Jorgrun
 14258 | Spider:3 | Noticed Arachne
 14270 | Spider:3 | Killed Arachne
 14303 | Spider:3 | Killed Ofodoalo's ghost
 14325 | Spider:3 | Killed Asamotow's ghost
 14346 | Spider:3 | Killed Ofodoalo's ghost
 14347 | Spider:3 | Killed Cofinigg's ghost
 14353 | Spider:3 | Got a faintly humming chain mail
 14426 | Spider:3 | Killed Jorgrun
 14426 | Spider:3 | Reached skill level 19 in Fighting
 14446 | Spider:3 | Noticed Mara
 14448 | Spider:3 | Noticed iamserjio's illusion
 14509 | Spider:3 | Killed Mara
 14553 | Spider:2 | Identified the +5 chain mail of the Postmodern Suns {rElec rN+ Stlth-} (You found it on level 3 of the Spider Nest)
 14898 | Lair:6   | Entered Level 6 of the Lair of Beasts
 14994 | Lair:6   | Got a transparent lapis lazuli ring
 14996 | Lair:6   | Identified the ring "Orhoos" {rElec rF+ rC- rN+ Str+3} (You found it on level 6 of the Lair of Beasts)
 15002 | Lair:6   | Found a staircase to the Slime Pits.
 15003 | Lair:6   | Found a viscous altar of Jiyva.
 15148 | Lair:6   | Got a slimy leather armour
 15158 | Lair:6   | Gained mutation: You are resistant to hostile enchantments. (MR+) [mutagenic glow]
 15159 | Lair:6   | Identified the +2 leather armour "Waihem" {rN+ Str+3} (You found it on level 6 of the Lair of Beasts)
 15220 | Lair:6   | Got a sparkling lead amulet
 15222 | Lair:6   | Got a transparent morningstar
 15223 | Lair:6   | Identified the +8 morningstar of Gloom {protect, MR++} (You found it on level 6 of the Lair of Beasts)
 15225 | Lair:6   | Identified the amulet "Wesamp" {Spirit rElec rC- Slay+5} (You found it on level 6 of the Lair of Beasts)
 15281 | Lair:6   | Reached XP level 20. HP: 139/139 MP: 6/20
 15286 | Lair:6   | Received a gift from Trog
 16122 | D:14     | Noticed Kirke
 16135 | D:14     | Killed Kirke
 16141 | D:15     | Entered Level 15 of the Dungeon
 16250 | D:14     | Found a deep blue altar of Sif Muna.
 16267 | D:14     | Received a gift from Trog
 16424 | D:14     | Found an iron altar of Okawaru.
 16667 | D:13     | Found a gate to the Vaults.
 16686 | D:13     | Reached skill level 20 in Fighting
 16761 | Vaults:1 | Entered Level 1 of the Vaults
 16906 | Vaults:1 | Received a gift from Trog
 17415 | Vaults:3 | Reached XP level 21. HP: 93/147 MP: 3/21
 17434 | Vaults:3 | Found a staircase to the Crypt.
 17540 | Vaults:4 | Received a gift from Trog
 17623 | Vaults:4 | Reached skill level 21 in Fighting
 17826 | Vaults:4 | Reached ****** piety under Trog
 17963 | Vaults:3 | Received a gift from Trog
 18034 | Vaults:4 | Noticed Margery
 18051 | Vaults:4 | Killed Margery
 18080 | Vaults:5 | Entered Level 5 of the Vaults
 18080 | Vaults:5 | Noticed an ancient lich
 18155 | Vaults:4 | Killed an ancient lich
 18155 | Vaults:4 | Reached XP level 22. HP: 132/156 MP: 7/22
 18177 | Vaults:5 | Reached skill level 22 in Fighting
 18217 | Vaults:5 | Got a silver rune of Zot
 18283 | Vaults:5 | Received a gift from Trog
 18319 | Vaults:5 | Reached skill level 10 in Dodging
 18385 | Vaults:5 | Got a crude bronze ring
 18454 | Vaults:5 | Identified the ring "Yhipuf" {+Inv rPois rN+ Dex+4 Stlth+} (You found it on level 5 of the Vaults)
 18529 | Vaults:5 | Found Feti's Food Shoppe.
 18585 | Vaults:5 | Bought a ration for 50 gold pieces
 18585 | Vaults:5 | Bought a ration for 50 gold pieces
 18585 | Vaults:5 | Bought a ration for 50 gold pieces
 18585 | Vaults:5 | Bought a ration for 50 gold pieces
 18585 | Vaults:5 | Bought a ration for 50 gold pieces
 18585 | Vaults:5 | Bought a ration for 50 gold pieces
 18585 | Vaults:5 | Bought a ration for 50 gold pieces
 18585 | Vaults:5 | Bought a ration for 50 gold pieces
 18585 | Vaults:5 | Bought a ration for 50 gold pieces
 18585 | Vaults:5 | Bought a ration for 50 gold pieces
 18585 | Vaults:5 | Bought a ration for 50 gold pieces
 18585 | Vaults:5 | Bought a ration for 50 gold pieces
 18585 | Vaults:5 | Bought a ration for 50 gold pieces
 18585 | Vaults:5 | Bought a ration for 50 gold pieces
 18585 | Vaults:5 | Bought a ration for 50 gold pieces
 18585 | Vaults:5 | Bought a ration for 50 gold pieces
 18680 | Vaults:5 | Received a gift from Trog
 18695 | Vaults:5 | Noticed a golden dragon
 18713 | Vaults:5 | Killed a golden dragon
 18713 | Vaults:5 | Reached skill level 23 in Fighting
 18729 | Vaults:5 | Found Bojex's Distillery.
 18734 | Vaults:5 | Got a scintillating lapis lazuli ring
 18737 | Vaults:5 | Bought a potion of agility for 88 gold pieces
 18737 | Vaults:5 | Bought a potion of might for 88 gold pieces
 18737 | Vaults:5 | Bought a potion of haste for 220 gold pieces
 18737 | Vaults:5 | Bought a potion of might for 88 gold pieces
 18740 | Vaults:5 | Identified the ring "Kias" {rPois MR+ MP+9 Str+3 SInv} (You found it on level 5 of the Vaults)
 18774 | Vaults:5 | Found the +8 Wrath of Trog {antimagic, *Rage}
 18866 | Vaults:5 | Received a gift from Trog
 18971 | Vaults:5 | Reached XP level 23. HP: 164/165 MP: 10/23
 19459 | Vaults:2 | Received a gift from Trog
 19558 | Vaults:2 | Reached skill level 24 in Fighting
 19987 | Lair:1   | Found a glowing silver altar of Zin.
 20190 | Slime:1  | Entered Level 1 of the Pits of Slime
 20227 | Slime:2  | Gained mutation: Your magical capacity is low. (-10% MP) [a shining eye]
 20229 | Slime:2  | Gained mutation: Armour fits poorly on your strangely shaped body. [a shining eye]
 20231 | Slime:2  | Gained mutation: You are dopey. (Int -2) [a shining eye]
 20301 | Slime:3  | Received a gift from Trog
 20310 | Slime:3  | Reached skill level 1 in Spellcasting
 20338 | Slime:2  | Gained mutation: You are occasionally teleported next to monsters. [a shining eye]
 20367 | Slime:3  | Gained mutation: You are sometimes teleported next to monsters. [a shining eye]
 20415 | Slime:3  | Gained mutation: You are often teleported next to monsters. [a shining eye]
 20416 | Slime:3  | Gained mutation: You do not regenerate when monsters are visible. [a shining eye]
 20418 | Slime:3  | Gained mutation: You are clumsy. (Dex -2) [a shining eye]
 20472 | Slime:3  | Received a gift from Trog
 20864 | Slime:4  | Lost mutation: You are clumsy. (Dex -2) [potion of mutation]
 20864 | Slime:4  | Lost mutation: You are dopey. (Int -2) [potion of mutation]
 20864 | Slime:4  | Gained mutation: You possess an exceptional clarity of mind. [potion of mutation]
 20865 | Slime:4  | Lost mutation: Your magical capacity is low. (-10% MP) [potion of mutation]
 20865 | Slime:4  | Lost mutation: You do not regenerate when monsters are visible. [potion of mutation]
 20865 | Slime:4  | Lost mutation: Armour fits poorly on your strangely shaped body. [potion of mutation]
 20865 | Slime:4  | Lost mutation: You are resistant to hostile enchantments. (MR+) [potion of mutation]
 20865 | Slime:4  | Gained mutation: You have supernaturally acute eyesight. (SInv) [potion of mutation]
 20866 | Slime:4  | Lost mutation: You possess an exceptional clarity of mind. [potion of mutation]
 20866 | Slime:4  | Gained mutation: You are somewhat resistant to further mutation. [potion of mutation]
 20883 | Slime:5  | Entered Level 5 of the Pits of Slime
 20987 | Slime:5  | Reached skill level 1 in Throwing
 21032 | Slime:5  | Found a viscous altar of Jiyva.
 21033 | Slime:5  | Noticed the Royal Jelly
 21072 | Slime:5  | Reached XP level 24. HP: 156/174 MP: 8/25
 21106 | Slime:5  | Killed the Royal Jelly
 21108 | Slime:5  | Blown up by an eye of devastation

Vault maps used:
D:1:      minmay_arrival_radiant_lines
D:2:      gammafunk_temple_overflow_pools
D:3:      minitemple, first_ration, portal_sewer_entry_b
D:4:      uniq_pikel
D:5:      amethyst_overflow_temple_binary, basic_altar, serial_shops,
          nicolae_shop_waterfront, hangedman_abyss_or_decor_jellyfish_corner
D:6:      lemuel_doored_altar, marbit_many_paths, minmay_temple_entry_overgrown,
          minivault_14
D:7:      minivault_5, uniq_prince_ribbit1, uniq_joseph, uniq_menkaure
D:8:      erik_lair_island, uniq_psyche
D:9:      hiddenorc2_lemuel, hangedman_ranch
D:10:     serial_shops, shop, kennysheep_mini
D:11:     hangedman_cross_stitches, serial_shops, shop, hangedman_decor_riveting
D:12:     basic_altar, lab_entry_generic
D:13:     lightli_vaults_fourway_checkpoint, minmay_door_square,
          evilmike_butchery
D:14:     basic_altar, serial_bayou, serial_bayou_lagoon_a, serial_bayou_lake_a,
          serial_bayou_pond_e, serial_bayou_crossing, lemuel_oklob_altar,
          uniq_kirke
D:15:     hangedman_depths_entry_try_elsewhere_first, grunt_decor_one_mirror,
          minivault_11, nicolae_underground_beach
Lair:1:   basic_altar, grunt_megastairs_1
Lair:2:   nicolae_spider_entry_non_spiders, uniq_nergalle
Lair:3:   elwin_shoals_entry_rocks
Lair:4:   nicolae_lair_grove_arrangements, serial_bayou_pond_d
Lair:5:   kennysheep_basilisk_garden
Lair:6:   evilmike_catoblepas_cave, slime_altar_1, minivault_27
Shoals:3: uniq_ilsuiw
Shoals:4: shoals_end_simple, shoal_ilsuiw, portal_ice_cave_entry_pillars_four,
          nicolae_shoals_kraken_party
Spider:1: uniq_frances, uniq_louise
Spider:3: gammafunk_ghost_cemetery, uniq_jorgrun, uniq_mara, uniq_bai_suzhen,
          uniq_arachne
Spider:4: floodkiller_spider_rune_tomb
Orc:2:    pf_orc_diabolical, uniq_snorg
Elf:1:    minivault_14, lemuel_statue_altar, uniq_nikola
Elf:3:    elf_hall, uniq_saint_roka, uniq_donald, uniq_roxanne
Vaults:1: v_rooms_2, vaults_dpeg_cross, grunt_vaults_diagonal, v_pattern_1,
          v_misc_33, nicolae_vaults_hallways_thing,
          nicolae_vaults_network_barrier, v_alt_pattern_1,
          vaults_room_door_ring, v_misc_26, vaults_room_door_hall,
          nicolae_vaults_little_squares_1, nicolae_vaults_little_squares_1
Vaults:2: ontoclasm_vaults_shuriken, v_misc_2, v_misc_11,
          hangedman_vaults_nails, vaults_room_boxed, st_star,
          nicolae_vaults_little_squares_4, vaults_mumra_chevron_long,
          ontoclasm_vaults_hangar, vaults_dpeg_encased_lava,
          nicolae_vaults_yaktaur_gun_rack, nicolae_vaults_little_squares_2,
          ontoclasm_vaults_chip
Vaults:3: nicolae_vaults_network_quincunx, hangedman_vaults_pinch,
          minmay_crypt_entry_nasty_monster, hangedman_vaults_trim,
          nicolae_vaults_rhombus_7, nicolae_vaults_angled_halls,
          ontoclasm_vaults_claustrophobia, ontoclasm_vaults_gateway,
          serial_ice_m, nicolae_vaults_little_squares_6, vaults_room_pool,
          uniq_asterion
Vaults:4: v_misc_4, vaults_mumra_hexcomb, ontoclasm_vaults_twist,
          vaults_standard_mumra_lines, grunt_vaults_hallway_long,
          nicolae_vaults_ninety_degrees, vaults_room_pools,
          nicolae_vaults_big_ls, ontoclasm_vaults_tryst,
          ontoclasm_vaults_misaligned, uniq_margery
Vaults:5: serial_shops
Lab:      nicolae_lab_t_cross, lab_statue
IceCv:    ice_cave_caverns_02

Skill      XL: |  1  2  3  4  5  6  7  8  9 10 11 12 13 14 15 16 17 18 19 20 21 22 23 24 |
---------------+-------------------------------------------------------------------------+-----
Axes           | 2 3 4 6 7 9 10 11 12 13 14 15 16 17 | 17.5
Shields        | 4 6 7 9 10 12 13 14 15 16 17 | 17.4
Fighting       | 4 5 6 8 9 10 11 13 14 16 17 18 19 20 21 23 24 | 24.6
Armour         | 4 5 6 8 9 10 11 12 13 14 15 16 17 18 19 | 19.9
Maces & Flails | 3 7 |  7.9
Dodging        | 2 4 6 8 9 10 | 10.6
Spellcasting   | 1 |  1.3
Throwing       | 1 2 |  2.3

Action                   |  1- 3 |  4- 6 |  7- 9 | 10-12 | 13-15 | 16-18 | 19-21 | 22-24 || total
-------------------------+-------+-------+-------+-------+-------+-------+-------+-------++-------
Melee: War axe           |   124 |    57 |   309 |   343 |       |       |       |       ||   833
       Flail             |       |       |       |   234 |       |       |       |       ||   234
       Short sword       |       |       |       |     3 |       |       |       |       ||     3
       Morningstar       |       |       |       |   128 |       |       |       |       ||   128
       Broad axe         |       |       |       |   113 |   590 |  1230 |  1237 |   740 ||  3910
       Eveningstar       |       |       |       |   111 |   307 |    43 |    13 |     3 ||   477
       Demon whip        |       |       |       |       |       |     4 |       |       ||     4
Throw: Javelin           |       |       |       |       |     1 |     9 |       |       ||    10
       Throwing net      |       |       |       |       |       |       |       |     1 ||     1
Invok: Berserk           |       |     1 |     4 |    10 |    17 |    18 |     9 |     8 ||    67
       Trog's Hand       |       |       |     2 |    14 |    43 |    67 |    29 |    40 ||   195
       Brothers in Arms  |       |       |       |     1 |     5 |     2 |     2 |     2 ||    12
 Abil: Fly               |       |       |       |       |       |     2 |       |       ||     2
       Stop Flying       |       |       |       |       |       |     1 |       |     1 ||     2
Evoke: Wand              |       |       |    11 |     9 |    29 |    15 |     8 |     7 ||    79
  Use: Scroll            |     2 |       |     7 |    11 |    11 |    16 |    17 |    11 ||    75
       Potion            |       |       |     6 |     3 |     5 |     4 |       |    14 ||    32
 Stab: Invisible         |       |       |       |     1 |       |       |       |       ||     1
       Distracted        |       |       |       |       |     1 |       |     1 |     1 ||     3
       Held in net/web   |       |       |       |       |       |     1 |       |       ||     1
       Paralysed         |       |       |       |       |       |       |     2 |       ||     2
  Eat: Chunk             |       |       |     6 |    30 |    28 |    22 |    16 |     7 ||   109
       Ration            |       |       |     2 |     4 |     6 |    11 |     7 |     8 ||    38
Armor: Scale mail        |    58 |       |       |       |       |       |       |       ||    58
       Chain mail        |    47 |    48 |   194 |   490 |   485 |   743 |   612 |   365 ||  2984
       Skin              |       |       |     6 |       |       |       |       |       ||     6
       Plate armour      |       |       |       |       |       |   288 |       |       ||   288
Dodge: Dodged            |    54 |    16 |    75 |   271 |   189 |   436 |   462 |   312 ||  1815
Block: Shield            |    92 |    39 |   199 |   602 |   632 |  1423 |  1054 |   506 ||  4547
       Reflection        |       |       |       |     7 |    53 |   103 |    53 |    31 ||   247
       Other             |       |       |       |    26 |       |       |       |       ||    26

Table legend:
 A = Spawn XP
 B = Non-spawn XP
 C = Spawn XP percentage of total XP
 D = Spawn monster count
 E = Non-spawn monster count
 F = Spawn count percentage of total count
 G = Total turns spent on level
                    A         B        C        D         E        F      G
               +---------+---------+-------+---------+---------+-------+---------
         Total |       0 |  852453 |   0.0 |       0 |    1654 |   0.0 | 21108
               +---------+---------+-------+---------+---------+-------+---------
           D:1 |       0 |      21 |   0.0 |       0 |      13 |   0.0 |   217
           D:2 |       0 |      22 |   0.0 |       0 |      11 |   0.0 |   226
           D:3 |       0 |      85 |   0.0 |       0 |      14 |   0.0 |   261
           D:4 |       0 |    1061 |   0.0 |       0 |      19 |   0.0 |   332
           D:5 |       0 |     478 |   0.0 |       0 |      15 |   0.0 |   405
           D:6 |       0 |     786 |   0.0 |       0 |      15 |   0.0 |   345
           D:7 |       0 |    1442 |   0.0 |       0 |      13 |   0.0 |   553
           D:8 |       0 |    3091 |   0.0 |       0 |      35 |   0.0 |   454
           D:9 |       0 |    6421 |   0.0 |       0 |      88 |   0.0 |   909
          D:10 |       0 |    4909 |   0.0 |       0 |      34 |   0.0 |   426
          D:11 |       0 |    5738 |   0.0 |       0 |      29 |   0.0 |   440
          D:12 |       0 |    1977 |   0.0 |       0 |      16 |   0.0 |   182
          D:13 |       0 |   17268 |   0.0 |       0 |      46 |   0.0 |   411
          D:14 |       0 |   15572 |   0.0 |       0 |      44 |   0.0 |   471
          D:15 |       0 |    1266 |   0.0 |       0 |       2 |   0.0 |    93
        Lair:1 |       0 |     853 |   0.0 |       0 |       4 |   0.0 |   248
        Lair:2 |       0 |    1840 |   0.0 |       0 |      11 |   0.0 |   207
        Lair:3 |       0 |    1758 |   0.0 |       0 |      10 |   0.0 |   335
        Lair:4 |       0 |    4077 |   0.0 |       0 |      14 |   0.0 |   117
        Lair:5 |       0 |    5556 |   0.0 |       0 |      26 |   0.0 |   151
        Lair:6 |       0 |   22774 |   0.0 |       0 |      57 |   0.0 |   530
      Shoals:1 |       0 |   20050 |   0.0 |       0 |      42 |   0.0 |   463
      Shoals:2 |       0 |   17088 |   0.0 |       0 |      37 |   0.0 |   419
      Shoals:3 |       0 |   13240 |   0.0 |       0 |      21 |   0.0 |   311
      Shoals:4 |       0 |   57663 |   0.0 |       0 |      82 |   0.0 |   784
      Spider:1 |       0 |    9893 |   0.0 |       0 |      21 |   0.0 |   256
      Spider:2 |       0 |    4456 |   0.0 |       0 |      14 |   0.0 |   272
      Spider:3 |       0 |   35926 |   0.0 |       0 |      38 |   0.0 |   527
      Spider:4 |       0 |   40960 |   0.0 |       0 |      82 |   0.0 |   609
       Slime:2 |       0 |   12020 |   0.0 |       0 |      14 |   0.0 |   145
       Slime:3 |       0 |   25584 |   0.0 |       0 |      56 |   0.0 |   409
       Slime:4 |       0 |    9739 |   0.0 |       0 |      17 |   0.0 |   169
       Slime:5 |       0 |   42773 |   0.0 |       0 |      33 |   0.0 |   187
         Orc:1 |       0 |    2745 |   0.0 |       0 |      32 |   0.0 |   284
         Orc:2 |       0 |   17150 |   0.0 |       0 |      81 |   0.0 |   944
         Elf:1 |       0 |   24273 |   0.0 |       0 |      36 |   0.0 |   985
         Elf:2 |       0 |   33449 |   0.0 |       0 |      41 |   0.0 |  1033
         Elf:3 |       0 |   62189 |   0.0 |       0 |      73 |   0.0 |  1907
      Vaults:1 |       0 |   30437 |   0.0 |       0 |      52 |   0.0 |   505
      Vaults:2 |       0 |   41564 |   0.0 |       0 |      61 |   0.0 |   545
      Vaults:3 |       0 |   17671 |   0.0 |       0 |      30 |   0.0 |   317
      Vaults:4 |       0 |  104262 |   0.0 |       0 |     122 |   0.0 |   673
      Vaults:5 |       0 |  121229 |   0.0 |       0 |      97 |   0.0 |   947
           Lab |       0 |    1946 |   0.0 |       0 |       5 |   0.0 |   600
         IceCv |       0 |    9151 |   0.0 |       0 |      51 |   0.0 |   496
               +---------+---------+-------+---------+---------+-------+---------
